 Dungeon Sprint DCSS version 0.31-a0-486-g8d68a81214 (webtiles) character file.

Game seed: 14132128037116002300

54 rocky1 the Destroyer (level 8, -1/60 HPs)
             Began as a Demonspawn Fire Elementalist on Aug 8, 2023.
             Was an Initiate of Gozag.
             Killed from afar by a bog body (36 damage)
             ... with a bolt of cold
             ... in the Dungeon (Sprint VI: "Thunderdome").
             The game lasted 00:04:41 (396 turns).

rocky1 the Destroyer (Demonspawn Fire Elementalist)  Turns: 396, Time: 00:04:42

Health: -1/60      AC:  4    Str:  8    XL:     8   Next: 66%
Magic:  19/22      EV: 12    Int: 19    God:    Gozag
Gold:   211        SH:  0    Dex: 14    Spells: 24/27 levels left

rFire   . . .        (no weapon)
rCold   . . .        (no shield)
rNeg    . . .        a - +0 robe
rPois   .            (no helmet)
rElec   .            (no cloak)
rCorr   .            (no gloves)
SInv    .            (no boots)
Will    .....        (no amulet)
Stlth   ++           (no ring)
HPRegen 0.30/turn    (no ring)
MPRegen 0.18/turn

%: no teleportation
@: slowed, very slow
A: slimy green scales 1, powered by pain 1, demonic touch 2
a: Renounce Religion, Potion Petition, Call Merchant, Bribe Branch


You were in the Dungeon.
You worshipped Gozag.
Gozag was aware of your devotion.
You visited 1 branch You collected 1000 gold pieces.
You spent 789 gold pieces at shops.

Inventory:

Armour
 a - a +0 robe (worn)
Wands
 i - a wand of quicksilver (5)
Scrolls
 g - 4 scrolls of blinking
 k - 3 scrolls of fog
Potions
 b - 3 potions of magic
 c - 5 potions of curing
 d - 6 potions of heal wounds
 e - 4 potions of haste
 f - a potion of berserk rage
 h - a potion of resistance


   Skills:
 - Level 3.7 Fighting
 - Level 1.7 Dodging
 - Level 1.7 Stealth
 + Level 10.4 Spellcasting
 + Level 11.0 Conjurations
 + Level 10.5 Fire Magic


You had 24 spell levels left.
You knew the following spells:

 Your Spells              Type           Power      Damage    Failure   Level
a - Foxfire               Conj/Fire      100%       2x1d9     1%          1
b - Scorch                Fire           98%        2d9       1%          2

Your spell library contained the following spells:

 Spells                   Type           Power      Damage    Failure   Level
 Flame Wave               Conj/Fire      50%        2d12      1%          4
 Inner Flame              Hex/Fire       29%        N/A       2%          3
 Volatile Blastmotes      Fire/Tloc      58%        2d14      2%          3


Dungeon Overview and Level Annotations

Branches:
Dungeon (1/1)

Altars:
Cheibriados
Dithmenos
Fedhas
Gozag
Kikubaaqudgha
Makhleb
Okawaru
Qazlal
Ru
Sif Muna
Trog
Uskayaw
Vehumet
Wu Jian
Xom
Yredelemnul
Lugonu

Shops:
D *[=??*?*:[((!!!!


Innate Abilities, Weirdness & Mutations

You are partially covered in slimy green scales. (AC +2)
You sometimes gain a little power by taking damage.
Your touch may inflict irresistible damage on your foes.


Message History

You conjure some foxfire!
The bullfrog gives a loud, deep croak!
The bullfrog hits you but does no damage.
Casting: Foxfire (safe; 1% risk of failure)
Confirm with . or Enter, or press ? or * to list all spells.
Flames lash the bullfrog.
The bullfrog is severely wounded.
The bullfrog's fire resistance burns away.
The foxfire hits the bullfrog!
The bullfrog is burned terribly!
You kill the bullfrog!
You now have 211 gold pieces (gained 81).
Your foxfire dissipates!
You start resting.
Magic restored.
A bog body comes into view.
Casting: Scorch (safe; 1% risk of failure)
Confirm with . or Enter, or press ? or * to list all spells.
You can't see any susceptible monsters within range! (Use Z to cast anyway.)
Casting: Scorch (safe; 1% risk of failure)
Confirm with . or Enter, or press ? or * to list all spells.
You conjure some foxfire!
The bog body gestures at you while chanting.
You feel yourself slow down.
Unknown command.
The foxfire hits the bog body.
The bog body resists.
The bog body is lightly damaged.
The foxfire hits the bog body.
The bog body completely resists.
The bog body is lightly damaged.
A cane toad comes into view.
Casting: Foxfire (safe; 1% risk of failure)
Confirm with . or Enter, or press ? or * to list all spells.
Flames lash the bog body.
The bog body resists.
The bog body is lightly damaged.
The bog body's fire resistance burns away.
The cane toad croaks.
The bog body casts a spell at you. The bolt of cold hits you!!!
Ouch! That really hurt!
You die...
Your body crumbles into a pile of gold.

##⌠⌠⌠# #.....# ##.....##
##∩.....∩## #∩.......∩#
#_........# #_...n§.._#
#_....§.._# ###....@§...###
#⌠.....§.....⌠#
######.8....§....8.######
##∩___......###......._.∩##
##∩........8.# #.8........∩###
.........F...###.............##
..........###...###..........⌠#
..........# #.<.# #..........⌠#
..........###...###..........⌠#


You could see a bog body (combustible) and a cane toad.

Vanquished Creatures
  A bog body (D)
  Sigmund (D)
  A scorpion (D)
  A bullfrog (D)
  Terence (D)
  4 adders (D)
  A dart slug (D)
  A goblin (D)
  2 rats (D)
13 creatures vanquished.

Vanquished Creatures (others)
  31 foxfires (D)
31 creatures vanquished.

Grand Total: 44 creatures vanquished

Notes
Turn   | Place    | Note
-------+----------+-------------------------------------------
     0 | D        | rocky1 the Demonspawn Fire Elementalist began the quest for
                  | the Orb.
     0 | D        | Reached XP level 1. HP: 13/13 MP: 3/3
     3 | D        | Found a stormy altar of Qazlal.
     3 | D        | Found a shimmering blue altar of Sif Muna.
     4 | D        | Found a bloodstained altar of Trog.
     4 | D        | Found a blossoming altar of Fedhas.
     5 | D        | Found a corrupted altar of Lugonu.
     5 | D        | Found an iron altar of Okawaru.
     5 | D        | Round 1.
     6 | D        | Found Ylokoulil's Timeless Talismans.
     6 | D        | Found a basalt altar of Yredelemnul.
     6 | D        | Found Keitew's Identification Station.
    10 | D        | Found a snail-covered altar of Cheibriados.
    10 | D        | Found Leqot's Magic Scroll Shop.
    10 | D        | Found Ejuec's Staff Store.
    11 | D        | Found Woizyinn's Magic Scroll Shop.
    11 | D        | Found Menkimp's Must-Have Magic.
    15 | D        | Found a shadowy altar of Dithmenos.
    18 | D        | Found Nociut's Distillery.
    19 | D        | Found a burning altar of Makhleb.
    19 | D        | Found a shimmering altar of Xom.
    19 | D        | Found Deshryed's Do-It-Yourself Clinic.
    21 | D        | Found Lohumop's Distillery.
    21 | D        | Found Qer Ilong's Bottled Wisdom.
    25 | D        | Found an ornate altar of the Wu Jian Council.
    26 | D        | Found a sacrificial altar of Ru.
    27 | D        | Found an opulent altar of Gozag.
    28 | D        | Found Cikkos's Weapon Rack.
    29 | D        | Found a radiant altar of Vehumet.
    29 | D        | Found a hide-covered altar of Uskayaw.
    29 | D        | Found an ancient bone altar of Kikubaaqudgha.
    29 | D        | Found Yboyj's Premium Goods.
    29 | D        | Found Riunus's Basic Armour.
    29 | D        | Found Falyeve's Miscellaneous Merchandise.
    36 | D        | Became a worshipper of Gozag Ym Sagoz the Greedy
    40 | D        | Noticed Terence
    46 | D        | Killed Terence
    47 | D        | Reached skill level 3 in Conjurations
    47 | D        | Gained mutation: You sometimes gain a little power by
                  | taking damage. [demonic ancestry]
    47 | D        | Reached XP level 2. HP: 19/19 MP: 1/6
    85 | D        | Found Vyjazeasch's Advanced Armour.
    85 | D        | Found Wenienworil's Jewellery.
    90 | D        | Noticed a scorpion
    95 | D        | Killed a scorpion
    96 | D        | Reached skill level 4 in Conjurations
    96 | D        | Reached skill level 5 in Fire Magic
    96 | D        | Reached XP level 3. HP: 24/24 MP: 3/9
    96 | D        | Reached XP level 4. HP: 30/30 MP: 3/10
   143 | D        | Reached skill level 5 in Spellcasting
   143 | D        | Reached skill level 5 in Conjurations
   143 | D        | Arena points: 12 (+12) [x2]
   209 | D        | Round 2.
   276 | D        | Noticed Sigmund
   279 | D        | Killed Sigmund
   279 | D        | Arena points: 54 (+42) [x3]
   280 | D        | Reached skill level 7 in Conjurations
   280 | D        | Gained mutation: Your touch may inflict minor irresistible
                  | damage on your foes. [demonic ancestry]
   280 | D        | Reached XP level 5. HP: 35/35 MP: 10/14
   280 | D        | Gained mutation: You are partially covered in slimy green
                  | scales. (AC +2) [demonic ancestry]
   280 | D        | Reached XP level 6. HP: 41/41 MP: 11/16
   294 | D        | Round 3.
   297 | D        | Bought 4 potions of curing for 84 gold pieces
   297 | D        | Bought 3 potions of heal wounds for 105 gold pieces
   299 | D        | Bought 2 potions of experience for 600 gold pieces
   302 | D        | Reached skill level 9 in Conjurations
   302 | D        | Reached XP level 7. HP: 46/46 MP: 15/19
   303 | D        | Reached skill level 10 in Conjurations
   303 | D        | Gained mutation: Your touch may inflict irresistible damage
                  | on your foes. [demonic ancestry]
   303 | D        | Reached XP level 8. HP: 60/60 MP: 15/21
   307 | D        | Learned a level 2 spell: Scorch
   313 | D        | Noticed a bog body
   326 | D        | Killed a bog body
   327 | D        | Reached skill level 10 in Spellcasting
   327 | D        | Reached skill level 11 in Conjurations
   327 | D        | Reached skill level 10 in Fire Magic
   391 | D        | Noticed a bog body
   395 | D        | Noticed a cane toad
   396 | D        | Killed from afar by a bog body

Illustrated notes

Levels and vault maps discovered:
D:        arena_sprint

Skill      XL: |  1  2  3  4  5  6  7  8 |
---------------+-------------------------+-----
Spellcasting   | 3 4 7 8 9 10 | 10.4
Conjurations   | 3 4 7 9 10 11 | 11.0
Fire Magic     | 4 5 7 8 9 10 | 10.5
Fighting       | 3 |  3.7
Dodging        | |  1.7
Stealth        | |  1.7

Action                     |  1- 3 |  4- 6 |  7- 9 || total
---------------------------+-------+-------+-------++-------
   Cast: Foxfire           |     5 |    11 |     5 ||    21
         Scorch            |       |       |     5 ||     5
  Evoke: Wand              |     3 |     2 |       ||     5
    Use: Potion            |       |     1 |     2 ||     3
 Armour: Robe              |       |       |     1 ||     1
  Dodge: Dodged            |       |     1 |     1 ||     2

Table legend: (Time is in decaauts)
 A = Elapsed time spent in this place.
 B = Non-inter-level travel time spent in this place.
 C = Inter-level travel time spent in this place.
 D = Time resting spent in this place.
 E = Time spent auto-exploring this place.
 F = Levels seen in this place.
 G = Mean time per level.
                   A        B        C        D        E       F      G
               +--------+--------+--------+--------+--------+-----+--------+
         Total |    396 |    396 |      0 |    116 |      0 |   1 |  396.0 |
       Dungeon |    396 |    396 |      0 |    116 |      0 |   1 |  396.0 |
               +--------+--------+--------+--------+--------+-----+--------+

Top non-repeatable levels by time:
       D: 396 daAuts
